 Dungeon Crawl Stone Soup version 0.17-a0-1479-g4041c36 (webtiles) character file.

518 emikaela the Sneak (level 7, -2/72 HPs)
             Began as an Octopode Wanderer on July 3, 2015.
             Was a Believer of Kikubaaqudgha.
             Slain by a sky beast (5 damage)
             ... on level 5 of the Dungeon.
             The game lasted 00:21:24 (5803 turns).

emikaela the Sneak (Octopode Wanderer)              Turns: 5803, Time: 00:21:24

Health: -2/72      AC: 23    Str: 12    XL:     7   Next: 21%
Magic:  8/11       EV:  2    Int: 14    God:    Kikubaaqudgha [**....]
Gold:   198        SH:  0    Dex: 13    Spells: 2 memorised, 7 levels left

rFire  . . .     SeeInvis .     a - +3 shortbow
rCold  . . .     Clarity  .     (no shield)
rNeg   + + +     SustAt   .     (helmet currently unavailable)
rPois  +         Gourm    .     (no amulet)
rElec  .         Spirit   .     (no ring)
rCorr  .         Warding  .     (no ring)
rMut   .         NoTele   +     (no ring)
MR     .....                    (no ring)
Stlth  ++++......               (no ring)
                                (no ring)
                                (no ring)
                                (no ring)

@: tree-form, not resistant to hostile enchantments, stealthy
A: almost no armour, amphibious, 8 rings, (constrict 8), (camouflage 0),
(gelatinous body 0)
a: Receive Corpses, Renounce Religion


You were on level 5 of the Dungeon.
You worshipped Kikubaaqudgha.
Kikubaaqudgha was pleased with you.
You were not hungry.
You were a tree.
You visited 1 branch of the dungeon, and saw 5 of its levels.

You collected 198 gold pieces.

Inventory:

Hand weapons
 a - a +3 shortbow (weapon)
 g - a cursed -3 quarterstaff
 t - a +0 flail of protection
Missiles
 b - 24 arrows (quivered)
 e - 47 sling bullets
 j - 20 poisoned needles
 k - 108 stones
 l - 9 bolts of flame
 p - a throwing net
 s - 66 bolts
 u - 6 tomahawks
Scrolls
 f - a scroll of identify
 i - 2 scrolls of magic mapping
 m - 3 scrolls of teleportation
Potions
 q - 3 potions of might
 w - a potion of curing
Books
 n - Kikubaaqudgha's Almanac of Dark Arts
   (Kikubaaqudgha gifted it to you on level 3 of the Dungeon)

   Spells                             Type                      Level
   a - Pain                           Necromancy                   1
   b - Corpse Rot                     Necromancy                   2
   c - Sublimation of Blood           Necromancy                   2
   d - Regeneration                   Charms/Necromancy            3
   e - Control Undead                 Necromancy                   4
Comestibles
 d - 3 bread rations
 h - 2 meat rations


   Skills:
 - Level 4.0 Fighting
 - Level 1.0 Bows
 - Level 1.0 Throwing
 - Level 3.0 Dodging
 - Level 5.8 Stealth
 + Level 2.6 Spellcasting
 + Level 1.4 Charms
 * Level 4.5 Necromancy
   Level 1.1 Evocations


You had 7 spell levels left.
You knew the following spells:

 Your Spells              Type           Power        Failure   Level  Hunger
a - Pain                  Necr           ##..         3%          1    #......
r - Regeneration          Chrm/Necr      ##........   21%         3    ###....


Dungeon Overview and Level Annotations

Branches:
Dungeon (5/15)             Temple (0/1) D:4

Altars:
Kikubaaqudgha
The Shining One


Innate Abilities, Weirdness & Mutations

You cannot wear most types of armour.
You are amphibious.
You can wear up to eight rings at the same time.
((You can use your tentacles to constrict eight enemies at once.))
((Your skin changes colour to match your surroundings (Stealth).))
((Your rubbery body absorbs attacks (AC +1).))


Message History

Drink which item? (? for menu, Esc to quit)
You turn into a tree.
Your roots penetrate the ground.
The sky beast hits you but does no damage.
Firing (i - inventory. (,) - cycle):
b - 26 arrows (quivered)
Press: ? - help, Shift-Dir - straight line, f/p - sky beast
Aim: a sky beast (heavily wounded)
You shoot an arrow. The arrow barely misses the sky beast.
The sky beast flickers out of sight!
Deactivating autopickup; reactivate with Ctrl-A.
Something hits you.
* * * LOW HITPOINT WARNING * * *
Something shocks you.
* * * LOW HITPOINT WARNING * * *
Firing (i - inventory. (,) - cycle):
b - 25 arrows (quivered)
Press: ? - help, Shift-Dir - straight line You shoot an arrow.
Something hits you but does no damage. Something hits you.
* * * LOW HITPOINT WARNING * * *
Something shocks you.
You die...
Kikubaaqudgha rasps: "You have failed me!
Welcome... death!"

#..##+ ########..##.
#.........###
#........)...
#........####
#.........#
#........## ######
#........#
.##(.{♣####........#
..(.(...'.....#######
(.##....#####.#
#....# #.# #....# #.#
#....# #.# #....# .#
#....+ .# #....


There were no monsters in sight!

Vanquished Creatures
  The ghost of Rayvis the Chopper, an average MiFi of Okawaru (D:4)
  A scorpion (D:3)
  Dowan (D:5)
  An orc wizard (D:4)
  An orc priest (D:4)
  A giant frog skeleton (D:4)
  3 worker ants
  2 hound skeletons (D:4)
  A gnoll (D:2)
  4 adders
  An ooze (D:3)
  3 worms
  7 giant geckos
  5 orcs
  2 ball pythons (D:3)
  7 bats
  5 giant cockroaches
  11 goblins
  10 hobgoblins
  10 kobolds
  7 giant newts
  10 rats
94 creatures vanquished.

Notes
Turn   | Place    | Note
--------------------------------------------------------------
     0 | D:1      | emikaela the Octopode Wanderer began the quest for the Orb.
     0 | D:1      | emikaela set off with: a +2 shortbow, 23 arrows, 2 potions of lignification, a bread ration
     0 | D:1      | Reached XP level 1. HP: 17/17 MP: 1/1
   187 | D:1      | Reached skill level 1 in Stealth
   282 | D:1      | Reached XP level 2. HP: 22/22 MP: 2/2
   979 | D:2      | Reached XP level 3. HP: 27/27 MP: 3/3
  1195 | D:2      | Found an ancient bone altar of Kikubaaqudgha.
  1204 | D:2      | Found a glowing golden altar of the Shining One.
  1215 | D:2      | Became a worshipper of Kikubaaqudgha
  1854 | D:2      | Reached skill level 5 in Stealth
  1854 | D:2      | Reached XP level 4. HP: 3/33 MP: 4/4
  2405 | D:3      | Acquired Kikubaaqudgha's first power
  2405 | D:3      | Received a gift from Kikubaaqudgha
  2413 | D:3      | Identified Kikubaaqudgha's Almanac of Dark Arts (Kikubaaqudgha gifted it to you on level 3 of the Dungeon)
  2416 | D:3      | Learned a level 1 spell: Pain
  2707 | D:3      | Reached skill level 1 in Necromancy
  2752 | D:3      | Reached XP level 5. HP: 37/37 MP: 6/6
  2915 | D:3      | Reached skill level 1 in Spellcasting
  3092 | D:3      | Learned a level 3 spell: Regeneration
  3479 | D:4      | Found a staircase to the Ecumenical Temple.
  4266 | D:4      | Noticed Rayvis's ghost (average MiFi)
  4308 | D:4      | Killed Rayvis's ghost
  4308 | D:4      | Reached XP level 6. HP: 25/43 MP: 7/9
  5208 | D:4      | Acquired Kikubaaqudgha's second power
  5208 | D:4      | Reached XP level 7. HP: 34/48 MP: 1/10
  5438 | D:5      | Entered Level 5 of the Dungeon
  5526 | D:5      | Reached skill level 1 in Charms
  5747 | D:5      | Noticed Dowan
  5751 | D:5      | Killed Dowan
  5803 | D:5      | HP: 3/72 [something (3)]
  5803 | D:5      | Slain by a sky beast

Vault maps used:
D:1:      shiori_shiawase
D:2:      amethyst_overflow_temple_binary, first_bread
D:3:      hangedman_feature_mirror, kennysheep_big_empty_room
D:4:      minmay_temple_entry_from_below_a
D:5:      uniq_duvessa, uniq_grinder

Action                   |  1- 3 |  4- 6 |  7- 9 || total
-------------------------+-------+-------+-------++-------
Melee: Flail             |       |     4 |       ||     4
 Fire: Shortbow          |   117 |   164 |    17 ||   298
 Cast: Pain              |       |    28 |    17 ||    45
  Use: Scroll            |     6 |     6 |       ||    12
       Potion            |       |     5 |     1 ||     6
  Eat: Chunk             |     3 |     6 |     2 ||    11
       Meat ration       |       |     1 |       ||     1
